AoeStats
← Bingoking

Arabia

508744667Analyzed
1v1 RM · 7d ago on Sep 23, 2026· 73m 40s· 2 players
Game mode
Random Map
Map size
Tiny (2 player)
Population
200
Speed
Normal
Resources
Standard
Victory
Conquest
Starting age
Dark Age
Ending age
Imperial Age
RankedLock teamsTeams togetherTeam positionsShared explorationLock speedFull tech treeHidden civsTurbo modeCheats
Victory
Defeat
🇩🇪 Mongols · Germany
1180
+15
🇺🇸 Burgundians · United States
1149
-15
AiKoBAiE
4:41 Double-Bit Axe
5:04 Loom
9:41 Feudal Age
16:50 Fletching
19:56 Bow Saw
20:44 Wheelbarrow
22:17 Hand Cart
21:53 Gold Mining
21:50 Horse Collar
23:03 Padded Archer Armor
25:10 Castle Age
23:14 Heavy Plow
23:49 Gold Shaft Mining
23:16 Stone Mining
25:59 Husbandry
26:36 Crop Rotation
27:09 Two-Man Saw
26:08 Bodkin Arrow
26:29 Leather Archer Armor
29:27 Ballistics
34:35 Town Watch
41:54 Stone Mining
44:34 Imperial Age
42:04 Cavalier
43:13 Ballistics
43:04 Scale Mail Armor
43:09 Scale Barding Armor
43:14 Forging
44:54 Light Cavalry
46:16 Conscription
46:34 Paladin
48:28 Stone Shaft Mining
48:59 Chemistry
49:55 Iron Casting
52:28 Chain Barding Armor
51:59 Hussar
52:30 Elite Skirmisher
54:09 Plate Barding Armor
54:34 Blast Furnace
56:00 Crop Rotation
63:06 Bracer
65:27 Scale Mail Armor
67:00 Pikeman
67:40 Squires
69:41 Chain Mail Armor
Bingoking
9:20 Feudal Age
9:22 Man-at-Arms
9:48 Double-Bit Axe
14:04 Fletching
13:55 Horse Collar
16:09 Loom
21:18 Castle Age
20:48 Bloodlines
22:02 Husbandry
23:50 Forging
27:10 Bow Saw
29:20 Iron Casting
30:19 Wheelbarrow
29:48 Heavy Plow
30:11 Gold Mining
30:37 Scale Barding Armor
37:32 Light Cavalry
40:42 Hand Cart
41:57 Chain Barding Armor
44:56 Imperial Age
44:18 Elite Skirmisher
45:16 Bodkin Arrow
46:05 Thumb Ring
46:10 Cavalier
46:23 Hussar
48:51 Blast Furnace
48:09 Pikeman
48:50 Squires
49:42 Conscription
49:27 Arson
51:03 Elite Mangudai
54:34 Bracer
55:31 Scale Mail Armor
58:23 Onager
60:03 Drill
66:26 Chain Mail Armor
66:11 Padded Archer Armor
67:29 Siege Engineers
67:44 Ballistics
70:52 Chemistry
Connection lost

Rejoining the realm…

Still unreachable

The connection could not be restored.

Session expired

The server has moved on; the page needs a fresh start.